 Dungeon Crawl Stone Soup version 0.32-a0-616-g9348d4545b (webtiles) character file.

Game seed: 5293152268171495565

1229 Elsrick the Slasher (level 8, 0/79 (90) HPs)
             Began as a Coglin Gladiator on Mar 5, 2024.
             Slain by a wight
             ... wielding a +5 dagger
              (6 damage)
             ... on level 6 of the Dungeon.
             The game lasted 00:17:20 (4337 turns).

Elsrick the Slasher (Coglin Gladiator)              Turns: 4337, Time: 00:17:21

HP:   0/79 (90)     AC:  6    Str: 23    XL:     8   Next: 48%
MP:   0/0           EV: 13    Int:  7    God:
Gold: 187           SH:  0    Dex: 16    Spells: 7/7 levels left

rFire   . . .        w - +5 long sword "Gaiterghi" {freeze, *Noise +Blink rPois MP-9 Str+8}
rCold   . . .        x - +3 short sword (venom) {Ashmeen}
rNeg    . . .        b - +0 leather armour
rPois   +            c - +0 helmet
rElec   .            a - +0 cloak
rCorr   .            (no gloves)
SInv    .            j - +0 pair of boots
Will    .....        (amulet unavailable) Stlth
                     (ring unavailable)
HPRegen 0.33/turn    (ring unavailable)
MPRegen 0.07/turn    (no gizmo)

%: random rage (3%)
@: berserking, lethally poisoned (0 -> -4), heavily drained, revving, very quick
A: off-hand wielding, slow wielding, warmup strikes, no jewellery, berserk 1,
clumsy 1, MP-powered wands
a: Invent Gizmo, Evoke Blink


You were on level 6 of the Dungeon.
You visited 1 branch of the dungeon, and saw 6 of its levels.

You collected 217 gold pieces.
You spent 30 gold pieces at shops.

Inventory:

Hand Weapons
 q - a +2 morningstar of holy wrath {Wilhemina}
 w - the +5 long sword "Gaiterghi" (weapon) {freeze, *Noise +Blink rPois MP-9 Str+8}
   (You found it on level 4 of the Dungeon)

   Str+8:     It affects your strength (+8).
   rPois:     It protects you from poison.
   MP-9:      It affects your magic capacity (-9).
   +Blink:    It lets you blink.
   *Noise:    It may make a loud noise when swung.
 x - a +3 short sword of venom (offhand) {Ashmeen}
Missiles
 d - 3 throwing nets (quivered)
 e - a javelin
Armour
 a - a +0 cloak (worn)
 b - a +0 leather armour (worn)
 c - a +0 helmet (worn)
 j - a +0 pair of boots (worn)
 v - a +0 scale mail
Wands
 h - a wand of paralysis (6)
Scrolls
 g - a scroll of silence
 k - 2 scrolls of poison
 m - a scroll of brand weapon
 o - a scroll of enchant armour
 r - a scroll of teleportation
 s - a scroll of amnesia {unknown}
 y - a scroll of enchant weapon {unknown}
Potions
 i - a potion of curing
 l - a potion of might
 n - a potion of brilliance {unknown}
 p - a potion of mutation
 u - a potion of berserk rage {unknown}
 z - a potion of attraction {unknown}
 A - a potion of lignification


   Skills:
 + Level 3.7 Fighting
 + Level 1.8(3.6) Short Blades
 * Level 5.3(5.5) Long Blades
 - Level 4.2(4.9) Axes
 + Level 3.3(4.2) Maces & Flails
 + Level 1.7 Throwing
 + Level 2.4 Armour
 + Level 4.1 Dodging
 - Level 1.3 Stealth
 + Level 1.0 Evocations


You had 7 spell levels left.
You didn't know any spells.
Your spell library contained the following spells:

 Spells                   Type           Power      Damage    Failure   Level
 Dazzling Flash           Conj/Hex       0%         N/A       85%         3
 Tukima's Dance           Hex            0%         N/A       85%         3
 Volatile Blastmotes      Fire/Tloc      0%         2d10      85%         3
 Dimensional Bullseye     Hex/Tloc       0%         N/A       99%         4
 Iskenderun's Mystic Bla  Conj/Tloc      0%         2d3       99%         4
 Starburst                Conj/Fire      0%         6d3       100%        6
 Maxwell's Capacitive Co  Air            0%         ∞         100%        8


Dungeon Overview and Level Annotations

Branches:
Dungeon (6/15)
 Temple: D:4-7

Altars:
Vehumet
Yredelemnul

Shops:
D:1 *   D:2 (   D:6 ?

Annotations:
D:6 Grinder


Innate Abilities, Weirdness & Mutations

You can wield a second weapon in your off-hand.
It takes a long time for you to wield or remove held weapons.
Your first few attacks do less damage.
You cannot equip rings or amulets.
You sometimes lose your temper in combat.
You are clumsy. (Dex -2)
You expend magic power (3 MP) to strengthen your wands.


Message History

* * * LOW HITPOINT WARNING * * *
The wight barely misses you.
You hit the wight with your +3 short sword of venom.
The wight is heavily damaged.
You slash the wight with the +5 long sword "Gaiterghi"!
You destroy the wight!
The kobold brigand throws a poisoned dart.
The poisoned dart barely misses you.
Your Long Blades skill increases to level 5!
You feel better.
The kobold brigand throws a poisoned dart.
The poisoned dart hits you!
You are poisoned.
* * * LOW HITPOINT WARNING * * *
You feel very sick.
The kobold brigand hits you with a +0 short sword.
* * * LOW HITPOINT WARNING * * *
Things that are here:
a +0 spear; a +0 robe You hit the kobold brigand with your +3 short sword of venom.
The kobold brigand is poisoned.
The kobold brigand is lightly wounded.
A red film seems to cover your vision as you go berserk!
You feel yourself moving faster!
You feel mighty!
You completely miss the kobold brigand with the +5 long sword "Gaiterghi".
You feel sick.
You puncture the kobold brigand with your +3 short sword of venom!
The kobold brigand looks as sick as possible!
The kobold brigand is moderately wounded.
You slash the kobold brigand with the +5 long sword "Gaiterghi"!
You freeze the kobold brigand.
You feel sick.
The kobold brigand hits you but does no damage.
You puncture the kobold brigand with your +3 short sword of venom!
You kill the kobold brigand!
You feel sick.
You slash the wight with the +5 long sword "Gaiterghi"!
The wight is severely damaged.
You hit the wight but do no damage.
You feel sick. The wight hits you with a +5 dagger.
You die...

#.#
.....#
#.#
#.#
#.#
#.#
#.#
#.#
#z#
#@#
#.#
#.#
#.#
#.#
#.#
##.#
#..#
##.#.#


You could see a wight.

Vanquished Creatures
  An orc warrior (D:6)
  2 kobold brigands (D:6)
  3 scorpions
  4 wights (D:6)
  2 howler monkeys
  A hound (D:5)
  A jelly (D:5)
  4 bombardier beetles
  2 sleepcaps
  An iguana (D:4)
  3 orc wizards
  3 gnolls (D:4)
  3 adders
  A white imp (D:6)
  2 ufetubi (D:6)
  3 dart slugs
  A ribbon worm (D:2)
  19 orcs
  2 bats (D:1)
  4 endoplasms
  10 goblins
  12 hobgoblins
  11 jackals
  A quokka (D:4)
  5 ball pythons
  4 frilled lizards
  9 kobolds
  8 rats
122 creatures vanquished.

Notes
Turn   | Place    | Note
-------+----------+-------------------------------------------
     0 | D:1      | Elsrick the Coglin Gladiator began the quest for the Orb.
     0 | D:1      | Reached XP level 1. HP: 16/16 MP: 1/1
    26 | D:1      | Found Recrogu's Assorted Antiques.
   140 | D:1      | Reached XP level 2. HP: 22/22 MP: 2/2
   799 | D:2      | Found Rauc's Antique Weapon Emporium.
   806 | D:2      | Reached XP level 3. HP: 26/27 MP: 3/3
  1335 | D:3      | Identified the ring of the Fiend {rF- rC+ AC+4 Str+2}
  1343 | D:3      | Reached XP level 4. HP: 33/33 MP: 4/4
  1907 | D:4      | Found a radiant altar of Vehumet.
  1920 | D:4      | Identified the +5 long sword "Gaiterghi" {freeze, *Noise
                  | +Blink rPois MP-9 Str+8}
  1950 | D:4      | Reached XP level 5. HP: 39/39 MP: 0/5
  1963 | D:4      | Reached skill level 1 in Maces & Flails
  1963 | D:4      | Reached skill level 1 in Stealth
  1986 | D:4      | Reached skill level 1 in Armour
  2551 | D:5      | Entered Level 5 of the Dungeon
  2554 | D:5      | Reached XP level 6. HP: 46/46 MP: 0/6
  2561 | D:5      | Reached skill level 1 in Long Blades
  2662 | D:5      | Gained mutation: You are clumsy. (Dex -2) [potion of
                  | mutation]
  2662 | D:5      | Gained mutation: You expend magic power (3 MP) to
                  | strengthen your wands. [potion of mutation]
  2662 | D:5      | Gained mutation: You sometimes lose your temper in combat.
                  | [potion of mutation]
  2822 | D:5      | Reached skill level 2 in Long Blades
  2822 | D:5      | Reached XP level 7. HP: 51/52 MP: 0/7
  3058 | D:5      | Found a basalt altar of Yredelemnul.
  3130 | D:5      | Identified the ring "Iqamueq" {Fire Will- rCorr Str-2
                  | Dex+5}
  3277 | D:6      | Noticed Grinder
  3744 | D:6      | Reached skill level 3 in Long Blades
  3744 | D:6      | Reached skill level 1 in Evocations
  3757 | D:6      | Found Bacaq's Magic Scroll Shoppe.
  3760 | D:6      | Bought a scroll of identify for 30 gold pieces
  3899 | D:6      | Reached skill level 1 in Short Blades
  3899 | D:6      | Reached XP level 8. HP: 22/58 MP: 0/8
  3901 | D:6      | Reached skill level 4 in Long Blades
  4332 | D:6      | Reached skill level 5 in Long Blades
  4337 | D:6      | Slain by a wight

Illustrated notes

Levels and vault maps discovered:
D:1:      dpeg_arrival_shrine, layout_loops_ring, serial_shops,
          nicolae_diamond_shop
D:2:      layout_rooms, serial_shops, shop, minmay_surrounded
D:3:      layout_basic, grunt_ministairs_11, nrook_mini_vaults,
          item_on_display_a
D:4:      layout_loops_cross, nicolae_vehumet_radiance,
          minmay_misc_feat_four_crosses, grunt_decor_clamped,
          corexii_leaking_fountain, serial_bayou_pond_a
D:5:      layout_rooms, yredelemnul_altar_generic
D:6:      wander_river, layout_basic, serial_shops,
          nicolae_shop_tiny_real_fake_doors, hangedman_decor_push,
          kennysheep_potato, uniq_grinder

Skill      XL: |  1  2  3  4  5  6  7  8 |
---------------+-------------------------+-----
Dodging        | 3 4 |  4.1
Axes           | 4 |  4.2
Maces & Flails | 1 2 3 |  3.3
Stealth        | 1 |  1.3
Armour         | 1 2 |  2.4
Long Blades    | 2 3 5 |  5.3
Fighting       | 3 |  3.7
Evocations     | 1 |  1.0
Short Blades   | 1 |  1.8
Throwing       | |  1.7

Action                     |  1- 3 |  4- 6 |  7- 9 || total
---------------------------+-------+-------+-------++-------
  Melee: War axe           |    55 |    26 |       ||    81
         Dagger            |    43 |       |       ||    43
         Morningstar       |     3 |    65 |       ||    68
         Long sword        |       |    46 |    72 ||   118
         Short sword       |       |     1 |    70 ||    71
Ability: Evoke Blink       |       |     2 |       ||     2
  Evoke: Wand              |       |       |     2 ||     2
    Use: Potion            |       |     1 |     3 ||     4
         Scroll            |       |       |     9 ||     9
   Stab: Sleeping          |     1 |     2 |       ||     3
 Armour: Leather armour    |    34 |    60 |    62 ||   156
  Dodge: Dodged            |    29 |    70 |    70 ||   169

Table legend: (Time is in decaauts)
 A = Elapsed time spent in this place.
 B = Non-inter-level travel time spent in this place.
 C = Inter-level travel time spent in this place.
 D = Time resting spent in this place.
 E = Time spent auto-exploring this place.
 F = Levels seen in this place.
 G = Mean time per level.
                   A        B        C        D        E       F      G
               +--------+--------+--------+--------+--------+-----+--------+
         Total |   4436 |   3987 |    449 |    591 |   2057 |   6 |  739.3 |
       Dungeon |   4436 |   3987 |    449 |    591 |   2057 |   6 |  739.3 |
               +--------+--------+--------+--------+--------+-----+--------+

Top non-repeatable levels by time:
     D:4: 838 daAuts
     D:1: 819 daAuts
     D:5: 807 daAuts
     D:3: 744 daAuts
     D:6: 676 daAuts
     D:2: 550 daAuts
